 Dungeon Crawl Stone Soup version 0.30.1-11-g7821555f0a (webtiles) character file.

Game seed: 9932261092551318594

67 jagang the Trooper (level 4, 0/35 HPs)
             Began as a Human Monk on Dec 28, 2023.
             Slain by a gnoll
             ... wielding a +0 halberd
              (9 damage)
             ... on level 2 of the Dungeon.
             The game lasted 00:02:48 (1227 turns).

jagang the Trooper (Human Monk)                     Turns: 1227, Time: 00:02:49

Health: 0/35       AC:  6    Str: 11    XL:     4   Next: 40%
Magic:  0/4        EV: 10    Int: 10    God:
Gold:   129        SH:  0    Dex: 18    Spells: 3/3 levels left

rFire   . . .        a - +0 falchion
rCold   . . .        d - orb {light}
rNeg    . . .        h - +0 scale mail
rPois   .            (no helmet)
rElec   .            (no cloak)
rCorr   .            (no gloves)
SInv    .            (no boots)
Will    .....        i - amulet of guardian spirit Stlth
                     (no ring)
HPRegen 0.25/turn    (no ring)
MPRegen 0.09/turn

%: guardian spirit
@: glowing
A: no striking features
a: no special abilities


You were on level 2 of the Dungeon.
You visited 1 branch of the dungeon, and saw 2 of its levels.

You collected 129 gold pieces.

Inventory:

Hand Weapons
 a - a +0 falchion (weapon)
Missiles
 j - 3 poisoned darts (quivered)
Armour
 b - a +0 robe
 d - an orb of light (worn)
 h - a +0 scale mail (worn)
Jewellery
 i - an amulet of guardian spirit (around neck)
Scrolls
 g - a scroll of butterflies {unknown}
 k - 3 scrolls of fear {unknown}
 l - 3 scrolls of vulnerability {unknown}
 n - a scroll of teleportation {unknown}
Potions
 c - a potion of ambrosia
 e - a potion of might {unknown}
 f - a potion of experience {unknown}
 m - a potion of brilliance {unknown}


   Skills:
 + Level 3.5 Fighting
 + Level 3.4 Long Blades
 + Level 1.5 Armour
 + Level 3.4 Dodging
 + Level 0.9 Invocations


You had 3 spell levels left.
You didn't know any spells.
Your spell library was empty.

Dungeon Overview and Level Annotations

Branches:
Dungeon (2/15)

Altars:


Message History

The bat hits you but does no damage.
The gnoll hits you from afar with a +0 halberd.
The gnoll hits you with a +0 flail.
You completely miss the gnoll.
The gnoll is moderately wounded.
The bat barely misses you.
The gnoll hits you from afar with a +0 halberd.
The gnoll closely misses you.
You hit the gnoll.
The gnoll is heavily wounded.
The bat misses you. The bat closely misses you. The gnoll misses you.
The gnoll barely misses you.
A gnoll comes into view. It is wielding a +0 flail.
You barely miss the gnoll.
The gnoll is heavily wounded.
The gnoll shouts!
The bat closely misses you.
The gnoll hits you from afar with a +0 halberd!
The gnoll barely misses you.
You are too injured to fight recklessly!
Unknown command.
The bat hits you but does no damage.
You hit the gnoll.
The gnoll is severely wounded.
The bat closely misses you. The bat barely misses you.
The gnoll hits you but does no damage. The bat closely misses you.
You hit the gnoll.
The gnoll is almost dead.
The bat closely misses you. The bat barely misses you.
The gnoll hits you with a +0 flail.
You closely miss the bat. The bat barely misses you.
The bat hits you but does no damage. The gnoll barely misses you.
The bat barely misses you. The gnoll hits you with a +0 flail.
The gnoll hits you from afar with a +0 halberd.
* * * LOW HITPOINT WARNING * * *
You hit the gnoll.
You kill the gnoll!
The bat hits you but does no damage. x2
The gnoll hits you from afar with a +0 halberd!
You die...

...... ##########
......
#........##......
#............... ##
#............... ..
####..##...##### .#
###.###..## ##..###
#....#....######.......
##....#......†.b@.#
...P...........g###
.#P.P..........g.g.....
...##.........?......g.
....#..#...#.#########.
......##...#..# #. .
#.....#######... #.##
.. #......... ##.##...
... #..#.####.
.##...... ..#


You could see 2 gnolls and a bat.

Vanquished Creatures
  2 gnolls (D:2)
  An adder (D:2)
  An adder zombie (D:2)
  An adder skeleton (D:2)
  3 worms (D:2)
  2 dart slugs (D:1)
  3 endoplasms (D:1)
  A giant cockroach (D:1)
  A goblin (D:1)
  2 hobgoblins
  5 jackals (D:1)
  3 quokkas (D:1)
  A ball python skeleton (D:2)
  A ball python zombie (D:2)
  2 bats
  A frilled lizard (D:1)
  3 rats
33 creatures vanquished.

Notes
Turn   | Place    | Note
-------+----------+-------------------------------------------
     0 | D:1      | jagang the Human Monk began the quest for the Orb.
     0 | D:1      | Reached XP level 1. HP: 18/18 MP: 1/1
   145 | D:1      | Reached XP level 2. HP: 12/24 MP: 2/2
   461 | D:1      | Reached skill level 1 in Armour
   593 | D:1      | Reached XP level 3. HP: 21/29 MP: 3/3
  1141 | D:2      | Reached XP level 4. HP: 35/35 MP: 4/4
  1227 | D:2      | Slain by a gnoll

Illustrated notes

Levels and vault maps discovered:
D:1:      lightli_arrival_farm, layout_basic
D:2:      cheibrodos_old_hovel, layout_rooms, serial_undead, serial_undead_e,
          serial_undead_b, serial_undead_a, serial_undead_b, serial_undead_a,
          serial_undead_b, kennysheep_generic_room_15

Skill      XL: |  1  2 |
---------------+-------+-----
Armour         | 1 |  1.5
Fighting       | |  3.5
Long Blades    | |  3.4
Dodging        | |  3.4
Invocations    | |  0.9

Action                     |  1- 3 |  4- 6 || total
---------------------------+-------+-------++-------
  Melee: Falchion          |    96 |    16 ||   112
 Armour: Robe              |     1 |       ||     1
         Scale mail        |    20 |     9 ||    29
  Dodge: Dodged            |    64 |    22 ||    86
